 Dungeon Crawl Stone Soup version 0.28-a0-429-g1448048969 (webtiles) character file.

Game seed: 4070782023024161295

79 frogsbabysitter the Conjurer (level 4, -7/33 HPs)
             Began as a Draconian Conjurer on Sept 11, 2021.
             Killed by divine providence
             ... invoked by an orc priest
              (13 damage)
             ... on level 3 of the Dungeon.
             The game lasted 00:05:14 (2102 turns).

frogsbabysitter the Conjurer (Draconian Conjurer)   Turns: 2102, Time: 00:05:15

Health: -7/33      AC:  6    Str: 10    XL:     4   Next: 16%
Magic:  5/7        EV: 12    Int: 19    God:
Gold:   80         SH:  0    Dex:  9    Spells: 4/7 levels left

rFire   . . .      SeeInvis .   i - +1 dagger (venom)
rCold   . . .      Faith    .   (no shield)
rNeg    . . .      Spirit   .   (armour unavailable)
rPois   .          Reflect  .   (helmet restricted)
rElec   .          Harm     .   f - +0 cloak
rCorr   .          Rampage  .   (no gloves)
Will    .....                   (no boots)
Stlth   ++........              (no amulet)
HPRegen 0.11/turn               (no ring)
MPRegen 0.10/turn               (no ring)

@: on berserk cooldown, slowed, very slow
A: AC +5, unfitting armour, cold-blooded
a: no special abilities


You were on level 3 of the Dungeon.
You visited 1 branch of the dungeon, and saw 3 of its levels.

You collected 80 gold pieces.

Inventory:

Hand Weapons
 a - a +0 whip
 i - a +1 dagger of venom (weapon)
Armour
 f - a +0 cloak (worn)
Scrolls
 b - a scroll of magic mapping {unknown}
 c - a scroll of teleportation {unknown}
 d - a scroll of vulnerability {unknown}
 g - a scroll of amnesia {unknown}
 j - 2 scrolls of identify {unknown}
 l - a scroll of fear {unknown}
 m - a scroll of noise {unknown}
Potions
 h - a potion of ambrosia {unknown}
 k - a potion of curing {unknown}


   Skills:
 - Level 2.0 Dodging
 - Level 1.8 Stealth
 + Level 2.4 Spellcasting
 * Level 5.3 Conjurations


You had 4 spell levels left.
You knew the following spells:

 Your Spells              Type           Power      Damage    Failure   Level
a - Magic Dart            Conj           88%        1d7       1%          1
b - Searing Ray           Conj           44%        2d6       2%          2

Your spell library contained the following spells:

 Spells                   Type           Power      Damage    Failure   Level
 Dazzling Flash           Conj/Hex       24%        N/A       16%         3
 Fulminant Prism          Conj/Hex       6%         3d7       47%         4
 Iskenderun's Mystic Bla  Conj/Tloc      12%        2d5       47%         4


Dungeon Overview and Level Annotations

Branches:
Dungeon (3/15)

Altars:
Beogh

Annotations:
D:3 Robin


Innate Abilities, Weirdness & Mutations

Your plain brown scales are hard. (AC +5)
You cannot fit into any form of body armour.
You are cold-blooded and may be slowed by cold attacks.


Message History

You are no longer berserk.
You are exhausted.
You feel yourself slow down.
The orc priest calls upon Beogh to heal the orc wizard.
The orc wizard is healed somewhat.
You're too confused to move!
You feel less confused. The orc wizard casts a spell at you.
The magic dart hits you.
The orc priest mumbles some strange prayers to Beogh against you.
Beogh smites you!
The orc wizard gestures wildly while chanting.
The orc wizard flickers and vanishes!
Deactivating autopickup; reactivate with Ctrl-A.
Casting: Searing Ray (safe; 2% risk of failure)
Confirm with . or Enter, or press ? or * to list all spells.
Aiming: Searing Ray (safe; 2% risk of failure)
Press: ? - help, Shift-Dir - straight line, f - orc priest
Aim: an orc priest, wielding a +0 falchion and wearing a +0 leather armour (78% to hit)
The searing ray hits the orc priest.
The orc priest is moderately wounded.
The searing ray hits the orc!
You kill the orc! (Press . to maintain the ray.)
You hear some strange, mumbled words.
A puff of flame appears from out of thin air!
The puff of flame hits you.
The orc priest calls down the wrath of Beogh upon you.
Pain shoots through your body!
* * * LOW HITPOINT WARNING * * *
The orc priest calls upon Beogh to heal the orc priest.
The orc priest's wounds heal themselves!
You closely miss the orc priest. You tail-slap the orc priest.
The orc priest is lightly wounded.
Something hits you but does no damage.
The orc priest invokes the aid of Beogh against you.
You barely resist.
The orc priest mumbles some strange prayers to Beogh against you.
Beogh smites you!
You die...

########.#
############.#
.............#
#..........######
##.................
............######.
....>......##
...........#
...#####.o@#
##...##{o#
#.8$8.#.)#
#_.$o.'..#
#$8$8.#..#
##$$$##..# ####
...# ...# ....#


You could see 2 orc priests.

Vanquished Creatures
  A gnoll (D:1)
  2 adders (D:2)
  A worm (D:2)
  A dart slug (D:1)
  An orc (D:3)
  2 bats (D:1)
  6 endoplasms
  2 giant cockroaches (D:1)
  9 goblins
  2 hobgoblins (D:1)
  2 quokkas
  4 ball pythons
  2 frilled lizards
  4 kobolds (D:1)
  4 rats
43 creatures vanquished.

Notes
Turn   | Place    | Note
-------+----------+-------------------------------------------
     0 | D:1      | frogsbabysitter the Draconian Conjurer began the quest for
                  | the Orb.
     0 | D:1      | Reached XP level 1. HP: 14/14 MP: 3/3
    92 | D:1      | Reached XP level 2. HP: 20/20 MP: 0/5
   310 | D:1      | Learned a level 2 spell: Searing Ray
   483 | D:1      | Found a faded altar of an unknown god.
   751 | D:1      | Reached XP level 3. HP: 26/26 MP: 2/6
  1263 | D:2      | Reached skill level 5 in Conjurations
  1659 | D:2      | Reached XP level 4. HP: 33/33 MP: 1/7
  1908 | D:3      | Noticed Robin
  2102 | D:3      | Killed from afar by an orc priest

Illustrated notes

Levels and vault maps discovered:
D:1:      psy_arrival_fountain, layout_basic, basic_ecumenical_altar,
          minmay_misc_feat_iff, st_stairs_2, minmay_misc_feat_pillars,
          hangedman_decor_opposing
D:2:      layout_rooms
D:3:      layout_basic, hangedman_ru_absence, kennysheep_orc_chapel, uniq_robin

Skill      XL: |  1  2  3 |
---------------+----------+-----
Dodging        | 2 |  2.0
Conjurations   | 5 |  5.3
Stealth        | |  1.8
Spellcasting   | |  2.4

Action                   |  1- 3 |  4- 6 || total
-------------------------+-------+-------++-------
Melee: Whip              |     7 |       ||     7
       Dagger            |     3 |     6 ||     9
       Tailslap          |     1 |     1 ||     2
 Cast: Magic Dart        |    53 |     7 ||    60
       Searing Ray       |     8 |     2 ||    10
  Use: Potion            |       |     1 ||     1
Armor: Skin              |     6 |     5 ||    11
Dodge: Dodged            |    13 |     6 ||    19

Table legend: (Time is in decaauts)
 A = Elapsed time spent in this place.
 B = Non-inter-level travel time spent in this place.
 C = Inter-level travel time spent in this place.
 D = Time resting spent in this place.
 E = Time spent auto-exploring this place.
 F = Levels seen in this place.
 G = Mean time per level.
                   A        B        C        D        E       F      G
               +--------+--------+--------+--------+--------+-----+--------+
         Total |   2101 |   2009 |     92 |    301 |   1037 |   3 |  700.3 |
       Dungeon |   2101 |   2009 |     92 |    301 |   1037 |   3 |  700.3 |
               +--------+--------+--------+--------+--------+-----+--------+

Top non-repeatable levels by time:
     D:1: 1217 daAuts
     D:2: 840 daAuts
     D:3: 43 daAuts
